 Dungeon Crawl Stone Soup version 0.32-a0-422-g28b100f618 (webtiles) character file.

Game seed: 13090674465230942145

81 Persephone the Shooter (level 4, 0/35 HPs)
             Began as a Coglin Hunter on Feb 21, 2024.
             Slain by a hobgoblin (3 damage)
             ... led by Robin
             ... on level 2 of the Dungeon.
             The game lasted 00:02:03 (764 turns).

Persephone the Shooter (Coglin Hunter)               Turns: 764, Time: 00:02:04

Health: 0/35       AC:  3    Str: 11    XL:     4   Next: 42%
Magic:  4/4        EV: 12    Int:  8    God:
Gold:   61         SH:  0    Dex: 20    Spells: 3/3 levels left

rFire   . . .        a - +0 shortbow {Hwan}
rCold   . . .        (shield currently unavailable)
rNeg    . . .        c - +0 leather armour
rPois   .            (no helmet)
rElec   .            (no cloak)
rCorr   .            (no gloves)
SInv    .            (no boots)
Will    .....        (no amulet)
Stlth   ++           (no ring)
HPRegen 0.25/turn    (no ring)
MPRegen 0.09/turn

%: no passive effects
@: immotile, revved
A: off-hand wielding, slow wielding, warmup strikes, legs shutdown
a: no special abilities


You were on level 2 of the Dungeon.
You visited 1 branch of the dungeon, and saw 2 of its levels.

You collected 61 gold pieces.

Inventory:

Hand Weapons
 a - a +0 shortbow (weapon) {Hwan}
Armour
 c - a +0 leather armour (worn)
Jewellery
 e - a ring of poison resistance
 h - an amulet of the acrobat
Scrolls
 b - a scroll of butterflies
 d - a scroll of torment {unknown}
 g - a scroll of poison {unknown}
 i - a scroll of blinking {unknown}
 k - a scroll of identify {unknown}
 m - a scroll of silence {unknown}
Potions
 f - 2 potions of curing
 j - a potion of enlightenment {unknown}
 l - a potion of heal wounds {unknown}


   Skills:
 + Level 3.0 Fighting
 * Level 4.7 Ranged Weapons
 - Level 1.8 Dodging
 - Level 0.8 Stealth


You had 3 spell levels left.
You didn't know any spells.
Your spell library was empty.

Dungeon Overview and Level Annotations

Branches:
Dungeon (2/15)

Altars:

Annotations:
D:2 Jessica


Innate Abilities, Weirdness & Mutations

You can wield a second weapon in your off-hand.
It takes a long time for you to wield or remove held weapons.
Your first few attacks do less damage.
Attacking and casting redirects power from your legs.


Message History

You kill Robin!
The hobgoblin hits you.
* * * LOW HITPOINT WARNING * * *
The hobgoblin hits you.
* * * LOW HITPOINT WARNING * * *
The hobgoblin barely misses you. The hobgoblin closely misses you.
The hobgoblin hits you.
* * * LOW HITPOINT WARNING * * *
Your Fighting skill increases to level 3!
Unknown command.
Fire: a) +0 shortbow {Hwan}
Press: ? - help, Shift-Dir - straight line You shoot an arrow.
The arrow hits the hobgoblin!
You kill the hobgoblin!
The hobgoblin no longer looks unusually strong. x2
The hobgoblin barely misses you. The hobgoblin completely misses you.
Lua - Auto Kill stopped.
Not in fighting shape.
You shoot an arrow. The arrow hits the goblin.
You kill the goblin!
The hobgoblin closely misses you. The hobgoblin hits you.
* * * LOW HITPOINT WARNING * * *
You shoot an arrow. The arrow hits the hobgoblin.
The hobgoblin is almost dead.
The hobgoblin closely misses you. x2
The hobgoblin hits you but does no damage.
It was a potion of curing.
You feel better.
You are no longer unable to travel.
The hobgoblin hits you.
The hobgoblin hits you but does no damage.
The hobgoblin hits you.
* * * LOW HITPOINT WARNING * * *
You shoot an arrow. The arrow closely misses the hobgoblin.
The hobgoblin hits you but does no damage.
The hobgoblin misses you. The hobgoblin hits you.
* * * LOW HITPOINT WARNING * * *
The hobgoblin hits you.
* * * LOW HITPOINT WARNING * * *
Jessica shouts, "I don't like beings like you!"
The hobgoblin barely misses you. The hobgoblin hits you.
You die...

♣...........##.)..
#....#.####.##....
. ##.....# #.......
.. .#######
#.##.... ... #..
###.##.... .... #.?
#...######
.....##.# ##.#.#
...$..).######..#.#
.....#@#......##.#
.....gggg.#######.#
..).....#.# #.#
........#.# #.#
........#.# ..#
..........#
........###
........# #.....[


You could see 3 hobgoblins and a goblin (strong).

Vanquished Creatures
  Robin (D:2)
  A dart slug (D:1)
  A ribbon worm (D:2)
  2 ball pythons (D:1)
  2 endoplasms (D:1)
  2 giant cockroaches (D:1)
  10 goblins
  5 hobgoblins
  2 jackals (D:1)
  2 kobolds (D:1)
  3 bats
  A frilled lizard (D:1)
  4 rats (D:1)
36 creatures vanquished.

Notes
Turn   | Place    | Note
-------+----------+-------------------------------------------
     0 | D:1      | Persephone the Coglin Hunter began the quest for the Orb.
     0 | D:1      | Reached XP level 1. HP: 16/16 MP: 1/1
   113 | D:1      | Reached XP level 2. HP: 12/22 MP: 2/2
   124 | D:1      | Reached skill level 4 in Ranged Weapons
   292 | D:1      | Reached XP level 3. HP: 28/28 MP: 3/3
   689 | D:2      | Identified the +5 whip of the Solstice {freeze, Will++}
   744 | D:2      | Noticed Robin
   745 | D:2      | Reached XP level 4. HP: 34/34 MP: 4/4
   750 | D:2      | Noticed Jessica
   759 | D:2      | Killed Robin
   764 | D:2      | Slain by a hobgoblin

Illustrated notes

Levels and vault maps discovered:
D:1:      lightli_arrival_quake, layout_rooms, minmay_heptomino_o4
D:2:      layout_rooms, shapermc_ecumenical_altar_starsandcircs, basic_altar,
          kennysheep_nub, uniq_robin, uniq_jessica, uniq_crazy_yiuf_cottage

Skill      XL: |  1  2  3  4 |
---------------+-------------+-----
Ranged Weapons | 4 |  4.7
Fighting       | 3 |  3.0
Dodging        | |  1.8
Stealth        | |  0.8

Action                     |  1- 3 |  4- 6 || total
---------------------------+-------+-------++-------
   Fire: Shortbow          |   109 |    19 ||   128
    Use: Potion            |       |     1 ||     1
 Armour: Leather armour    |    34 |    23 ||    57
  Dodge: Dodged            |    54 |    22 ||    76

Table legend: (Time is in decaauts)
 A = Elapsed time spent in this place.
 B = Non-inter-level travel time spent in this place.
 C = Inter-level travel time spent in this place.
 D = Time resting spent in this place.
 E = Time spent auto-exploring this place.
 F = Levels seen in this place.
 G = Mean time per level.
                   A        B        C        D        E       F      G
               +--------+--------+--------+--------+--------+-----+--------+
         Total |    792 |    773 |     19 |      0 |    569 |   2 |  396.0 |
       Dungeon |    792 |    773 |     19 |      0 |    569 |   2 |  396.0 |
               +--------+--------+--------+--------+--------+-----+--------+

Top non-repeatable levels by time:
     D:1: 673 daAuts
     D:2: 119 daAuts
